 Dungeon Sprint DCSS version 0.24-a0-249-g2af7e83 (webtiles) character file.

Game seed: 15210239402978414273

11335 MikeHunt the Imperceptible (level 11, -2/97 HPs)
             Began as a Naga Assassin on Apr 13, 2019.
             Was an Initiate of Gozag.
             Slain by a demonic crawler (6 damage)
             ... in the Dungeon (Sprint IV: "Fedhas' Mad Dash").
             The game lasted 00:20:20 (3833 turns).

MikeHunt the Imperceptible (Naga Assassin)          Turns: 3833, Time: 00:20:21

Health: -2/97      AC: 19    Str: 13      XL:     11   Next: 76%
Magic:  14/14      EV: 13    Int: 10 (11) God:    Gozag
Gold:   111        SH:  5    Dex: 15 (17) Spells: 10/10 levels left

rFire    . . .     SeeInvis +   a - +3 dagger (speed)
rCold    . . .     Gourm    .   q - +0 buckler
rNeg     . . .     Faith    .   s - +2 shadow dragon scales
rPois    +         Spirit   .   (no helmet)
rElec    .         Reflect  .   d - +0 cloak
rCorr    .         Harm     .   p - +0 pair of gloves
MR       +....     NoTele   +   (no barding)
Stlth    +++++++++.             i - amulet of the acrobat (curse)
HPRegen  0.26/turn              o - +2 ring of protection
MPRegen  0.14/turn              t - +5 ring of evasion

@: very slightly contaminated, hasted, quick
A: large, see invisible, deformed body, poison resistance, slowness 2, slow
metabolism 1, spit poison 1, AC +3
a: Spit Poison, Potion Petition, Call Merchant, Bribe Branch, Renounce Religion


You were in the Dungeon.
You worshipped Gozag.
Gozag was aware of your devotion.
You were not hungry.

You visited 1 branch You collected 3120 gold pieces.
You spent 2064 gold pieces at shops.
You paid 945 gold pieces to Gozag.

Inventory:

Hand Weapons
 a - a +3 dagger of speed (weapon)
 b - a +0 blowgun
 l - a +2 dagger
 r - a +0 rapier
Missiles
 e - 8 poisoned needles
 f - 2 curare-tipped needles
Armour
 c - a +0 robe
 d - a +0 cloak (worn)
 p - a +0 pair of gloves (worn)
 q - a +0 buckler (worn)
 s - +2 shadow dragon scales (worn)
Jewellery
 g - an uncursed amulet of rage
 i - a cursed amulet of the acrobat (around neck)
 n - the amulet of invisibility {+Inv}
   (You found it in the Dungeon)

   [amulet of nothing]

   It lets you turn invisible.
 o - a +2 ring of protection (left hand)
 t - a +5 ring of evasion (right hand)
Scrolls
 j - 2 scrolls of identify
Potions
 k - 2 potions of magic
Comestibles
 u - 4 rations


   Skills:
 + Level 5.6 Fighting
 - Level 14.1 Short Blades
 - Level 1.7 Throwing
 + Level 9.6 Armour
 + Level 8.5 Dodging
 - Level 25.0 Stealth
 - Level 3.7 Shields
 - Level 5.0 Evocations


You had 10 spell levels left.
You didn't know any spells.
Your spell library contained the following spells:

 Spells                   Type           Power        Failure   Level  Hunger
 Magic Dart               Conj           #...         100%        1    ##.....
 Blink                    Tloc           N/A          100%        2    ###....
 Call Imp                 Summ           #.......     100%        2    ###....
 Slow                     Hex            #.......     100%        2    ###....
 Conjure Flame            Conj/Fire      #.......     100%        3    ####...
 Mephitic Cloud           Conj/Pois/Air  #.......     100%        3    ####...
 Leda's Liquefaction      Hex/Erth       #.........   100%        4    #####..
 Bolt of Magma            Conj/Fire/Erth #.........   100%        5    ######.
 Iron Shot                Conj/Erth      #.........   100%        6    #######
 Statue Form              Tmut/Erth      #........    100%        6    #######
 Shatter                  Erth           #.........   100%        9    #######


Dungeon Overview and Level Annotations

Branches:
Dungeon (1/1)

Altars:
Cheibriados
Dithmenos
Elyvilon
Gozag
Hepliaklqana
Kikubaaqudgha
Makhleb
Nemelex Xobeh
Okawaru
Qazlal
Ru
Sif Muna
Trog
Uskayaw
Vehumet
Wu Jian
Xom
Yredelemnul
Zin
The Shining One
Beogh
Jiyva
Lugonu

Shops:
D *([=%[}([(}*


Innate Abilities, Weirdness & Mutations

You cannot wear boots.
Your serpentine skin is tough. (AC +3)
You have supernaturally acute eyesight. (SInv)
Armour fits poorly on your strangely shaped body.
Your system is resistant to poisons. (rPois)
You cover ground very slowly.
You have a slow metabolism.
You can spit poison.


Message History

The spriggan rider hits you but does no damage.
You hit the demonic crawler but do no damage.
The demonic crawler is severely wounded.
You hit the demonic crawler but do no damage.
The demonic crawler is severely wounded.
You block the demonic crawler's attack. The demonic crawler misses you.
The demonic crawler closely misses you.
You hit the demonic crawler.
The demonic crawler is severely wounded.
You hit the demonic crawler but do no damage.
The demonic crawler is severely wounded.
The spriggan rider misses you.
You hit the demonic crawler but do no damage.
The demonic crawler is severely wounded.
You hit the demonic crawler but do no damage.
The demonic crawler is severely wounded.
The demonic crawler hits you but does no damage.
The demonic crawler hits you.
You die...
Your body crumbles into a pile of gold.

...#...###################∩.....#
..######♣♣♣♣♣..♣(###.'.('.....(.'
####..'......♣..♣##..#..#.P.....#
......#♣..♣♣♣.♣).###.##'##.P....#
......#.♣♣.(♣...♣'...#♣.♣########
######################.....####
.............# ###..♣..♣....###
...........P.#####.[.♣......♣...♣
.....[....(P..is@.....♣.[...∩[∩..
...............##################
#'############## ......# .#
..sP..# ..+ ..§$### y..# ..i##
$$$$# ..y.####$$$$$#
........y$$$$+$$$$ $


You could see a spriggan rider and a demonic crawler.

Vanquished Creatures
  Agnes (D)
  A ghost moth (D)
  A spriggan defender (D)
  A spriggan berserker (D)
  A spriggan druid (D)
  8 oklob plants (D)
  A queen bee (D)
  2 demonic crawlers (D)
  3 burning bushes (D)
  4 hornets (D)
  3 wandering mushrooms (D)
  2 scorpions (D)
  4 killer bees (D)
  5 oklob saplings (D)
  A worker ant (D)
  7 spriggans (D)
  A river rat (D)
  A rat (D)
  7 ballistomycetes (D)
54 creatures vanquished.

Vanquished Creatures (others)
  A ballistomycete (D)
  4 ballistomycete spores (D)
  A bush (D)
6 creatures vanquished.

Grand Total: 60 creatures vanquished

Notes
Turn   | Place    | Note
-------+----------+-------------------------------------------
     0 | D        | MikeHunt the Naga Assassin began the quest for the Orb.
     0 | D        | Reached XP level 1. HP: 19/19 MP: 1/1
    16 | D        | Reached skill level 7 in Stealth
    16 | D        | Reached XP level 2. HP: 15/26 MP: 2/2
   147 | D        | Noticed an oklob sapling
   151 | D        | Killed an oklob sapling
   151 | D        | Reached skill level 9 in Stealth
   151 | D        | Reached XP level 3. HP: 32/32 MP: 3/3
   154 | D        | Found the amulet of invisibility {+Inv}
   158 | D        | Reached skill level 5 in Short Blades
   158 | D        | Reached skill level 10 in Stealth
   158 | D        | Reached XP level 4. HP: 39/39 MP: 4/4
   276 | D        | Found an opulent altar of Gozag.
   276 | D        | Found a hazy altar of Hepliaklqana.
   276 | D        | Found a roughly hewn altar of Beogh.
   276 | D        | Found a snail-covered altar of Cheibriados.
   308 | D        | Found a viscous altar of Jiyva.
   308 | D        | Found a burning altar of Makhleb.
   308 | D        | Found a sparkling altar of Nemelex Xobeh.
   308 | D        | Found a sacrificial altar of Ru.
   308 | D        | Found a deep blue altar of Sif Muna.
   308 | D        | Found a bloodstained altar of Trog.
   308 | D        | Found an ornate altar of the Wu Jian Council.
   308 | D        | Found a shimmering altar of Xom.
   308 | D        | Found a basalt altar of Yredelemnul.
   308 | D        | Noticed an oklob sapling priest
   309 | D        | Found an iron altar of Okawaru.
   309 | D        | Found a shadowy altar of Dithmenos.
   309 | D        | Found a glowing silver altar of Zin.
   310 | D        | Found an ancient bone altar of Kikubaaqudgha.
   310 | D        | Found a hide-covered altar of Uskayaw.
   311 | D        | Found a stormy altar of Qazlal.
   311 | D        | Found a white marble altar of Elyvilon.
   311 | D        | Found a glowing golden altar of the Shining One.
   312 | D        | Became a worshipper of Gozag Ym Sagoz the Greedy
   313 | D        | Found a radiant altar of Vehumet.
   313 | D        | Found a corrupted altar of Lugonu.
   316 | D        | Killed an oklob sapling priest
   316 | D        | Reached skill level 11 in Stealth
   316 | D        | Reached XP level 5. HP: 45/45 MP: 3/7
   358 | D        | Reached skill level 12 in Stealth
   375 | D        | Reached XP level 6. HP: 14/52 MP: 7/9
   384 | D        | Reached skill level 13 in Stealth
   384 | D        | Reached skill level 5 in Evocations
   627 | D        | Found Taakom's Armour Shop.
   627 | D        | Found Sigyud's Jewellery Emporium.
   634 | D        | Bought a +0 cloak for 54 gold pieces
   634 | D        | Bought a +0 pair of gloves for 54 gold pieces
   634 | D        | Bought a +0 buckler for 54 gold pieces
   648 | D        | Bought a +2 ring of protection for 130 gold pieces
   682 | D        | Noticed a queen bee
   690 | D        | Killed a queen bee
   690 | D        | Reached skill level 14 in Stealth
   690 | D        | Reached XP level 7. HP: 60/60 MP: 7/10
   692 | D        | Reached skill level 15 in Stealth
   694 | D        | Reached skill level 10 in Short Blades
   780 | D        | Noticed an oklob plant
   795 | D        | Killed an oklob plant
   795 | D        | Reached skill level 17 in Stealth
   795 | D        | Reached XP level 8. HP: 35/73 MP: 8/11
   963 | D        | Noticed a burning bush
  1032 | D        | Killed a burning bush
  1032 | D        | Reached skill level 5 in Fighting
  1174 | D        | Noticed a burning bush
  1174 | D        | Noticed an oklob plant
  1175 | D        | Noticed a wandering mushroom
  1176 | D        | Killed a burning bush
  1288 | D        | Killed a wandering mushroom
  1288 | D        | Reached skill level 5 in Armour
  1288 | D        | Reached skill level 5 in Dodging
  1288 | D        | Reached XP level 9. HP: 71/82 MP: 9/12
  1293 | D        | Killed an oklob plant
  1344 | D        | Bought a +5 ring of evasion for 715 gold pieces
  1429 | D        | Noticed a spriggan druid
  1430 | D        | Killed a spriggan druid
  1443 | D        | Noticed an oklob plant conjurer
  1444 | D        | Killed an oklob plant conjurer
  1509 | D        | Noticed a burning bush
  1509 | D        | Noticed a wandering mushroom
  1510 | D        | Noticed a wandering mushroom
  1513 | D        | Killed a wandering mushroom
  1764 | D        | Killed a burning bush
  1764 | D        | Reached XP level 10. HP: 57/91 MP: 13/13
  1894 | D        | Found Niry's Weapon Emporium.
  1894 | D        | Found Umuqik's Armour Shoppe.
  1987 | D        | Noticed an oklob plant
  1989 | D        | Noticed an oklob plant shifter
  1989 | D        | Noticed an oklob plant summoner
  1993 | D        | Killed an oklob plant
  1995 | D        | Killed an oklob plant summoner
  1998 | D        | Killed an oklob plant shifter
  2150 | D        | Bought an uncursed amulet of rage for 520 gold pieces
  2301 | D        | Noticed a spriggan rider
  2314 | D        | Noticed Agnes
  2328 | D        | Found Dikhlyhie's Gadget Emporium.
  2389 | D        | Found Bizumyhi's General Store.
  2621 | D        | Found Funuu's Gadget Emporium.
  2621 | D        | Noticed a spriggan berserker
  2623 | D        | Found Ebeuvid's Weapon Shoppe.
  2625 | D        | Killed Agnes
  2625 | D        | Reached skill level 19 in Stealth
  2625 | D        | Reached XP level 11. HP: 97/97 MP: 14/14
  2631 | D        | Killed a spriggan berserker
  2631 | D        | Reached skill level 20 in Stealth
  2641 | D        | Noticed a spriggan defender
  2645 | D        | Bought a phantom mirror for 300 gold pieces
  2654 | D        | Killed a spriggan defender
  2654 | D        | Reached skill level 21 in Stealth
  2985 | D        | Noticed a spriggan rider
  2993 | D        | Killed a spriggan rider
  2993 | D        | Reached skill level 22 in Stealth
  3026 | D        | Noticed a ghost moth
  3301 | D        | Bought a ration for 60 gold pieces
  3301 | D        | Bought a ration for 60 gold pieces
  3302 | D        | Bought a ration for 60 gold pieces
  3377 | D        | Killed a ghost moth
  3377 | D        | Reached skill level 24 in Stealth
  3671 | D        | Found Riemusytuli's Weapon Boutique.
  3671 | D        | Found Senyus's Antique Armour Emporium.
  3671 | D        | Found Qegol's Assorted Antiques.
  3700 | D        | Bought 3 scrolls labeled ACLYOV XE YNU for 57 gold pieces
  3711 | D        | Noticed an oklob plant meteorologist
  3712 | D        | Noticed an oklob plant shifter
  3716 | D        | Killed an oklob plant meteorologist
  3727 | D        | Killed an oklob plant shifter
  3740 | D        | Noticed a spriggan rider
  3763 | D        | Reached skill level 25 in Stealth
  3819 | D        | HP: 1/97 [demonic crawler (4)]
  3824 | D        | HP: 4/97 [demonic crawler (2)]
  3833 | D        | Slain by a demonic crawler

Levels and vault maps discovered:
D:        dungeon_sprint_fedhas [sprint_temple]

Skill      XL: |  1  2  3  4  5  6  7  8  9 10 11 |
---------------+----------------------------------+-----
Short Blades   | 3 4 5 6 8 9 10 14 | 14.1
Stealth        | 7 9 10 11 12 14 17 19 25 | 25.0
Evocations     | 2 4 5 |  5.0
Shields        | 3 |  3.7
Fighting       | 4 5 |  5.6
Dodging        | 3 5 8 |  8.5
Armour         | 5 8 9 |  9.6
Throwing       | |  1.7

Action                   |  1- 3 |  4- 6 |  7- 9 | 10-12 || total
-------------------------+-------+-------+-------+-------++-------
Melee: Dagger            |    14 |    16 |    34 |    66 ||   130
       Rapier            |       |       |    60 |   274 ||   334
 Fire: Blowgun           |       |       |       |     2 ||     2
Invok: Potion Petition   |       |     1 |       |     1 ||     2
       Call Merchant     |       |       |       |     1 ||     1
 Abil: Spit Poison       |     2 |     1 |       |     2 ||     5
       Evoke Invisibilit |       |     2 |     2 |     1 ||     5
       Evoke Berserk Rag |       |       |       |     1 ||     1
Evoke: Phantom mirror    |       |       |       |     1 ||     1
  Use: Potion            |     1 |       |       |     5 ||     6
       Scroll            |       |       |       |     3 ||     3
 Stab: Sleeping          |       |     4 |     8 |     8 ||    20
       Invisible         |       |       |     7 |       ||     7
       Distracted        |       |       |     1 |     2 ||     3
  Eat: Ration            |       |       |     1 |     2 ||     3
Armor: Robe              |     1 |     1 |     1 |       ||     3
       Shadow dragon sca |       |       |     8 |   127 ||   135
Dodge: Dodged            |     8 |     3 |    14 |   150 ||   175
Block: Buckler           |       |       |     5 |    79 ||    84

Table legend:
 A = Non-vault XP
 B = Vault XP
 C = Vault XP percentage of total XP
 D = Non-vault monster count
 E = Vault monster count
 F = Vault count percentage of total count
                 A         B        C        D         E       F
            +---------+---------+-------+---------+---------+-------
      Total |     584 |   15610 |  96.4 |       2 |      45 |  95.7
            +---------+---------+-------+---------+---------+-------
          D |     584 |   15610 |  96.4 |       2 |      45 |  95.7
            +---------+---------+-------+---------+---------+-------
